AoeStats
← zamithdaniel

Lombardia

507173773Analyzed
3v3 RM · 17d ago on Sep 17, 2026· 49m 58s· 6 players
Game mode
Random Map
Map size
Normal (6 player)
Population
200
Speed
Normal
Resources
Standard
Victory
Conquest
Starting age
Dark Age
Ending age
Imperial Age
RankedLock teamsTeams togetherTeam positionsShared explorationLock speedFull tech treeHidden civsTurbo modeCheats
Victory
Defeat
🇺🇾 Japanese · Uruguay
989
+14
🇺🇾 Britons · Uruguay
978
+34
🇺🇾 Magyars · Uruguay
936
+16
🇨🇴 Celts · Colombia
981
-16
🇨🇴 Japanese · Colombia
945
-15
🇨🇴 Persians · Colombia
888
-13
zamithdaniel
11:37 Feudal Age
12:26 Horse Collar
12:33 Double-Bit Axe
20:38 Castle Age
19:19 Stone Mining
20:35 Gold Mining
22:06 Heavy Plow
22:18 Bow Saw
22:44 Scale Mail Armor
22:55 Forging
24:18 Chain Mail Armor
26:15 Gold Shaft Mining
27:56 Iron Casting
43:35 Imperial Age
43:38 Elite Woad Raider
47:32 Blast Furnace
47:03 Plate Mail Armor
Dovahkyn
10:41 Feudal Age
18:01 Castle Age
21:29 Loom
22:01 Double-Bit Axe
25:47 Bow Saw
25:36 Horse Collar
26:43 Town Watch
27:36 Heavy Plow
30:35 Wheelbarrow
30:12 Fletching
30:34 Forging
30:25 Scale Mail Armor
32:31 Iron Casting
32:11 Chain Mail Armor
33:30 Fletching
41:00 Fortified Wall
47:06 Treadmill Crane
Griffith
0:39 Loom
12:11 Feudal Age
24:32 Castle Age
29:53 Padded Archer Armor
29:43 Fletching
29:59 Scale Barding Armor
29:33 Pikeman
30:46 Double-Bit Axe
32:36 Bodkin Arrow
32:57 Leather Archer Armor
33:04 Leather Archer Armor
33:30 Bodkin Arrow
36:24 Chain Barding Armor
41:50 Horse Collar
42:48 Wheelbarrow
42:26 Bow Saw
45:50 Scale Mail Armor
46:00 Forging
45:39 Man-at-Arms
46:24 Squires
47:07 Long Swordsman
47:32 Gambesons
49:04 Chain Mail Armor
49:24 Iron Casting
EZWY.PeterZorro
7:40 Loom
10:10 Feudal Age
11:13 Double-Bit Axe
14:31 Stone Mining
15:37 Horse Collar
17:43 Scale Barding Armor
19:20 Bloodlines
21:36 Castle Age
20:39 Gold Mining
24:16 Wheelbarrow
24:44 Corvinian Army
25:22 Heavy Plow
26:16 Bow Saw
28:42 Ballistics
28:32 Fletching
30:04 Gold Shaft Mining
30:46 Husbandry
40:01 Bodkin Arrow
47:04 Imperial Age
47:37 Chain Barding Armor
48:49 Bracer
49:35 Recurve Bow
horaciocolbert
7:46 Loom
12:21 Feudal Age
13:59 Double-Bit Axe
14:51 Wheelbarrow
17:03 Fletching
19:30 Padded Archer Armor
19:31 Scale Mail Armor
25:06 Castle Age
26:26 Hand Cart
26:24 Bow Saw
26:08 Gold Mining
26:15 Stone Mining
25:57 Pikeman
27:54 Gold Shaft Mining
28:07 Horse Collar
30:40 Squires
30:38 Bodkin Arrow
30:54 Forging
32:11 Ballistics
31:54 Crossbowman
33:28 Leather Archer Armor
35:18 Man-at-Arms
35:48 Gambesons
Clovis
5:28 Loom
10:58 Feudal Age
11:26 Double-Bit Axe
12:05 Horse Collar
12:03 Man-at-Arms
16:00 Arson
20:30 Castle Age
18:39 Scale Mail Armor
18:50 Forging
19:55 Gold Mining
21:58 Bow Saw
21:49 Heavy Plow
24:07 Chain Mail Armor
29:41 Town Watch
30:31 Wheelbarrow
30:54 Squires
31:31 Hand Cart
31:17 Town Patrol
32:12 Yasama
35:48 Imperial Age
39:06 Chemistry
38:26 Ballistics
38:41 Plate Mail Armor
38:47 Iron Casting
38:02 Fletching
38:15 Padded Archer Armor
37:46 Elite Samurai
38:48 Conscription
39:24 Parthian Tactics
39:07 Thumb Ring
39:39 Heavy Cavalry Archer
50:01 Caravan
Connection lost

Rejoining the realm…

Still unreachable

The connection could not be restored.

Session expired

The server has moved on; the page needs a fresh start.